 Dungeon Crawl Stone Soup version 0.26-a0-778-g3fe0686644 (webtiles) character file.

Game seed: 2058596368835941418

1020 mandarbmax the Ducker (level 8, -5/54 HPs)
             Began as an Octopode Transmuter on Nov 10, 2020.
             Was an Initiate of Wu Jian.
             Killed by nerve-wracking pain
             ... invoked by Grinder
              (8 damage)
             ... while paralysed by Grinder
             ... on level 5 of the Dungeon.
             The game lasted 00:11:55 (8220 turns).

mandarbmax the Ducker (Octopode Transmuter)         Turns: 8220, Time: 00:11:55

Health: -5/54      AC:  2    Str:  9    XL:     8   Next: 22%
Magic:  9/11       EV:  5    Int: 22    God:    Wu Jian [......]
Gold:   311        SH:  0    Dex: 19    Spells: 5/11 levels left

rFire    . . .     SeeInvis +     - Unarmed
rCold    . . .     Faith    .   (shield currently unavailable)
rNeg     . . .     Spirit   .   (helmet currently unavailable)
rPois    x         Reflect  .   (no amulet)
rElec    .         Harm     .   k - +6 ring of intelligence
rCorr    .         Rampage  .   b - ring of see invisible
MR       .....                  (no ring)
Stlth    +++.......             (no ring)
HPRegen  0.18/turn              (no ring)
MPRegen  0.12/turn              (no ring)
                                (no ring)
                                (no ring)

@: paralysed, spider-form
A: tiny, almost no armour, stealthy swim, (amphibious), 8 rings, (constrict 8)
a: End Transformation, Renounce Religion


You were on level 5 of the Dungeon.
You worshipped Wu Jian.
Wu Jian was noncommittal.
You were a venomous arachnid creature.
You visited 2 branches of the dungeon, and saw 6 of its levels.

You collected 311 gold pieces.

Inventory:

Missiles
 i - 2 throwing nets (quivered)
Magical Staves
 j - an uncursed staff of poison (melded)
 l - an uncursed staff of fire
Jewellery
 b - a ring of see invisible (right front leg)
 k - a +6 ring of intelligence (left front leg)
Scrolls
 a - 2 scrolls of remove curse
 c - 5 scrolls of teleportation
 d - a scroll of fear
 e - a scroll of identify
 g - a scroll of fog {unknown}
 h - 2 scrolls of enchant weapon
 m - 2 scrolls of magic mapping
 n - 3 scrolls of enchant armour
 o - 2 scrolls of blinking
Potions
 f - 3 potions of curing
 p - 2 potions of heal wounds {unknown}
 q - a potion of cancellation {unknown}


   Skills:
 - Level 4.0 Fighting
 + Level 6.1 Dodging
 - Level 4.0 Stealth
 - Level 4.0 Unarmed Combat
 - Level 2.0 Spellcasting
 - Level 4.0 Transmutations
 - Level 3.0 Poison Magic


You had 5 spell levels left.
You knew the following spells:

 Your Spells              Type           Power        Failure   Level
a - Beastly Appendage     Tmut           ###...       10%         1
b - Wereblood             Tmut           ###.....     13%         2
c - Spider Form           Tmut/Pois      ###.......   24%         3

Your spell library contained the following spells:

 Spells                   Type           Power        Failure   Level
 Confusing Touch          Hex            #.......     61%         3
 Gell's Gravitas          Tloc           #.........   61%         3
 Ice Form                 Ice/Tmut       ##......     73%         4
 Petrify                  Tmut/Erth      ##......     73%         4
 Blade Hands              Tmut           ###.......   78%         5
 Yara's Violent Unravell  Hex/Tmut       ##........   95%         5
 Metabolic Englaciation   Hex/Ice        #.........   99%         5


Dungeon Overview and Level Annotations

Branches:
Dungeon (5/15)             Temple (1/1) D:5

Altars:
Ashenzari
Cheibriados
Dithmenos
Elyvilon
Fedhas
Gozag
Hepliaklqana
Kikubaaqudgha
Makhleb
Nemelex Xobeh
Okawaru
Qazlal
Ru
Sif Muna
Trog
Vehumet
Wu Jian
Xom
Yredelemnul
Zin
The Shining One

Annotations:
D:4 1 runed translucent door, Crazy Yiuf
D:5 Grinder


Innate Abilities, Weirdness & Mutations

You cannot wear most types of armour.
You are very stealthy in the water. (Stealth+)
((You are amphibious.))
You can wear up to eight rings at the same time.
((You can use your tentacles to constrict eight enemies at once.))
((Your skin changes colour to match your surroundings (Stealth+).))
((Your rubbery body absorbs attacks. (AC +1, EV +1)))


Message History

Grinder completely misses you.
Unknown command.
You hit Grinder.
Grinder is moderately wounded.
Grinder gestures at you.
You suddenly lose the ability to move!
Grinder hits you!
* * * LOW HITPOINT WARNING * * *
You writhe in agony.
* * * LOW HITPOINT WARNING * * *
Grinder gestures at you. Pain shoots through your body!
* * * LOW HITPOINT WARNING * * *
Grinder gestures at you.
You struggle to resist.
Grinder hits you.
* * * LOW HITPOINT WARNING * * *
Grinder gestures at you. Pain shoots through your body!
You die...

+........... #######..........#
##.............^.##
#...............##.
#......>.....##....
#.(..........#.....
#............#..... #
#.5.......)[.'..##. #≈
#.s........<[#...## #≈
##...##'#######.#..#
######≈#####....#..#........#..
#....##≈≈..'....#..'........#..
####....######....#############..
#.......#.......### ###.###..
##......#.......# #...#....
#<.....#.......+ #...#....
###..##.#.......# ###.###.)


You could see Grinder.

Vanquished Creatures
  Duvessa (D:5)
  2 ogres (D:4)
  Dowan (D:4)
  A scorpion (D:4)
  3 jellies
  A bullfrog skeleton (D:2)
  3 hounds
  An orc priest (D:4)
  3 orc wizards
  Natasha (twice) (D:2)
  2 worker ants
  2 hound skeletons (D:4)
  3 gnolls (D:3)
  6 adders
  A shadow imp (D:4)
  An ufetubus (D:5)
  An ooze (D:1)
  An adder skeleton (D:5)
  A worm (D:4)
  2 dart slugs (D:1)
  4 leopard geckos
  17 orcs
  9 goblins
  6 hobgoblins
  An iguana (D:4)
  6 jackals
  A quokka (D:2)
  2 ball pythons (D:2)
  9 bats
  A frilled lizard (D:1)
  5 kobolds
  4 rats
103 creatures vanquished.

Notes
Turn   | Place    | Note
-------+----------+-------------------------------------------
     0 | D:1      | mandarbmax the Octopode Transmuter began the quest for the
                  | Orb.
     0 | D:1      | Reached XP level 1. HP: 13/13 MP: 3/3
   262 | D:1      | Reached XP level 2. HP: 18/18 MP: 3/5
   886 | D:1      | Reached XP level 3. HP: 23/23 MP: 4/6
  1064 | D:1      | Learned a level 2 spell: Wereblood
  1068 | D:1      | Learned a level 3 spell: Spider Form
  1742 | D:2      | Reached skill level 1 in Stealth
  1742 | D:2      | Reached XP level 4. HP: 24/29 MP: 4/7
  2358 | D:2      | Reached XP level 5. HP: 32/35 MP: 1/8
  2541 | D:2      | Noticed Natasha
  2550 | D:2      | Killed Natasha
  2673 | D:2      | Noticed Natasha
  2681 | D:2      | Killed Natasha
  2681 | D:2      | Reached skill level 3 in Dodging
  4249 | D:4      | Reached XP level 6. HP: 20/42 MP: 3/9
  4254 | D:4      | Reached skill level 4 in Dodging
  4574 | D:4      | Reached skill level 1 in Poison Magic
  5239 | D:4      | Reached XP level 7. HP: 14/46 MP: 6/10
  5695 | D:4      | Found a shimmering altar of Xom.
  6969 | D:4      | Found a runed translucent door.
  6971 | D:4      | Noticed Crazy Yiuf
  7043 | D:5      | Entered Level 5 of the Dungeon
  7052 | D:5      | Noticed Duvessa
  7245 | D:5      | Killed Duvessa
  7247 | D:5      | Reached skill level 5 in Dodging
  7370 | D:5      | Reached XP level 8. HP: 47/54 MP: 5/11
  7373 | D:5      | Noticed Dowan
  7384 | D:4      | Killed Dowan
  7840 | D:5      | Reached skill level 6 in Dodging
  7890 | D:5      | Found a staircase to the Ecumenical Temple.
  7899 | Temple   | Entered the Ecumenical Temple
  8000 | Temple   | Became a worshipper of the Wu Jian Council
  8206 | D:5      | Noticed Grinder
  8215 | D:5      | Paralysed by Grinder for 6 turns
  8220 | D:5      | Killed from afar by Grinder

Illustrated notes

Levels and vault maps discovered:
D:1:      roderic_octagonal_star, layout_loops_corners
D:2:      layout_basic, kennysheep_generic_room_7, uniq_natasha
D:3:      layout_basic, minmay_misc_feat_rugged
D:4:      layout_loops_corners, minivault_27, dk_xom_monty_hall,
          uniq_crazy_yiuf_cottage
D:5:      cheibrodos_two_vegetables, layout_gridville,
          minmay_temple_entry_waves, uniq_duvessa, uniq_pikel, uniq_grinder
Temple:   kilobyte_greek_temple

Skill      XL: |  1  2  3  4  5  6  7  8 |
---------------+-------------------------+-----
Unarmed Combat | 4 |  4.0
Fighting       | 2 3 4 |  4.0
Stealth        | 1 2 4 |  4.0
Dodging        | 3 4 5 6 |  6.1
Poison Magic   | 3 |  3.0
Transmutations | 3 4 |  4.0
Spellcasting   | |  2.0

Action                   |  1- 3 |  4- 6 |  7- 9 || total
-------------------------+-------+-------+-------++-------
Melee: Unarmed           |    57 |   115 |   112 ||   284
       Constrict         |    15 |     9 |       ||    24
       Tentacles         |    11 |     6 |       ||    17
       Kick              |     9 |     1 |       ||    10
       Staff             |       |    12 |       ||    12
Throw: Throwing net      |       |       |     1 ||     1
 Cast: Beastly Appendage |    19 |     7 |       ||    26
       Spider Form       |     1 |    21 |    16 ||    38
       Wereblood         |     1 |     1 |     1 ||     3
Invok: Lunge             |       |       |     2 ||     2
  Use: Scroll            |       |     9 |       ||     9
       Potion            |       |     2 |       ||     2
 Stab: Sleeping          |     7 |     2 |     2 ||    11
       Distracted        |       |       |     1 ||     1
Armor: Skin              |     5 |     6 |    11 ||    22
Dodge: Dodged            |    23 |   106 |   101 ||   230

Table legend: (Time is in decaauts)
 A = Elapsed time spent in this place.
 B = Non-inter-level travel time spent in this place.
 C = Inter-level travel time spent in this place.
 D = Time resting spent in this place.
 E = Time spent auto-exploring this place.
 F = Levels seen in this place.
 G = Mean time per level.
                   A        B        C        D        E       F      G
               +--------+--------+--------+--------+--------+-----+--------+
         Total |   8204 |   8024 |    180 |   2902 |   4279 |   6 | 1367.3 |
       Dungeon |   8061 |   7922 |    139 |   2902 |   4194 |   5 | 1612.2 |
        Temple |    143 |    102 |     41 |      0 |     85 |   1 |  143.0 |
               +--------+--------+--------+--------+--------+-----+--------+

Top non-repeatable levels by time:
     D:4: 3473 daAuts
     D:2: 1681 daAuts
     D:1: 1283 daAuts
     D:3: 1233 daAuts
     D:5: 388 daAuts
  Temple: 143 daAuts
